 Dungeon Crawl Stone Soup version 0.18-a0-960-g77c8fc5 (webtiles) character file.

428 M4edhros the Sneak (level 6, -5/34 HPs)
             Began as an Octopode Artificer on Dec 31, 2015.
             Slain by an ogre
             ... wielding a +0 giant spiked club
              (32 damage)
             ... on level 5 of the Dungeon.
             The game lasted 00:05:03 (3423 turns).

M4edhros the Sneak (Octopode Artificer)             Turns: 3423, Time: 00:05:03

Health: -5/34      AC:  1    Str: 10    XL:     6   Next: 98%
Magic:  9/9        EV: 13    Int: 17    God:
Gold:   123        SH:  4    Dex: 14    Spells: 0 memorised, 5 levels left

rFire  . . .     SeeInvis .     a - +0 short sword
rCold  . . .     Gourm    .     n - +0 buckler
rNeg   + . .     Faith    .     (helmet restricted)
rPois  .         Spirit   .     (no amulet)
rElec  +         Dismiss  .     s - ring of positive energy
rCorr  .         Reflect  .     (no ring)
SustAt .         Harm     .     (no ring)
MR     .....                    (no ring)
Stlth  ++++......               (no ring)
                                (no ring)
                                (no ring)
                                (no ring)

@: not resistant to hostile enchantments, stealthy
A: almost no armour, amphibious, 8 rings, constrict 8, camouflage 1, agile 1,
blurry vision 1, frail 1, electricity resistance, gelatinous body 1
a: no special abilities


You were on level 5 of the Dungeon.
You were hungry.

You visited 1 branch of the dungeon, and saw 5 of its levels.

You collected 123 gold pieces.

Inventory:

Hand Weapons
 a - a +0 short sword (weapon)
 j - a +0 hunting sling
Missiles
 e - 63 stones (quivered)
Armour
 n - a +0 buckler (worn)
Jewellery
 s - a ring of positive energy (left tentacle)
Wands
 b - a wand of flame (14/48)
 c - a wand of enslavement (12/24)
 d - a wand of random effects (12/48)
Scrolls
 g - a scroll of recharging {unknown}
 h - a scroll of enchant armour {unknown}
 i - 3 scrolls of remove curse {unknown}
 k - a scroll of magic mapping {unknown}
 l - a scroll of fear {unknown}
 m - 3 scrolls of teleportation {unknown}
 p - a scroll of blinking {unknown}
Potions
 o - a potion of agility {unknown}
 q - a potion of poison {unknown}
 r - a potion of lignification {unknown}
Comestibles
 f - 3 bread rations
 u - a royal jelly


   Skills:
 - Level 1.0 Fighting
 - Level 1.0 Short Blades
 * Level 2.9 Slings
 * Level 4.2 Dodging
 * Level 4.9 Stealth
 * Level 1.7 Shields
 + Level 4.4 Evocations


You had 5 spell levels left.
You didn't know any spells.

Dungeon Overview and Level Annotations

Branches:
Dungeon (5/15)
 Temple: D:4-7

Altars:
Ashenzari
Sif Muna

Annotations:
D:4 Grinder
D:5 Sigmund


Innate Abilities, Weirdness & Mutations

You cannot wear most types of armour.
You are amphibious.
You can wear up to eight rings at the same time.
You can use your tentacles to constrict eight enemies at once.
Your skin changes colour to match your surroundings (Stealth).
Your rubbery body absorbs attacks (AC +1).
You are agile. (Dex +2)
Scrolls take you a little longer to read.
You are frail (-10% HP).
You are resistant to electric shocks.


Message History

There is a dry fountain here.
You start resting.
There is a stone staircase leading down here.
No target in view!
You start resting.
You climb downwards.
Level annotation: Sigmund
There is a stone staircase leading up here.
A worm, an orc and an orc wizard come into view.
There are monsters nearby!
There are monsters nearby!
An orc wizard and an ogre come into view.
A giant cockroach comes into view.
Found 19 arrows.
The helpless ogre fails to defend itself.
You puncture the ogre! You squeeze the ogre.
The ogre is heavily wounded.
The ogre hits you with a giant spiked club!!
Ouch! That really hurt!
You die...

# ...
######...#
#..<...#
#.####...#
#@# ##
#.wO...(s.
#o.#######
#..o #o##
#. #. #.


You could see an ogre, a worm (sleeping), 2 orc wizards, an orc (sleeping) and a
giant cockroach (sleeping).

Vanquished Creatures
  A sky beast (D:5)
  An ogre (D:4)
  A hound (D:5)
  An orc wizard (D:4)
  3 worker ants (D:4)
  3 adders
  3 gnolls (D:2)
  2 worms (D:2)
  2 giant geckos
  10 orcs
  2 giant cockroaches
  A goblin (D:3)
  5 hobgoblins
  6 jackals
  3 bats
  5 giant newts
  4 kobolds
  5 rats
58 creatures vanquished.

Vanquished Creatures (collateral kills)
  An orc (D:4)
1 creature vanquished.

Vanquished Creatures (others)
  An adder (D:5)
1 creature vanquished.

Grand Total: 60 creatures vanquished

Notes
Turn   | Place    | Note
--------------------------------------------------------------
     0 | D:1      | M4edhros the Octopode Artificer began the quest for the Orb.
     0 | D:1      | Reached XP level 1. HP: 13/13 MP: 3/3
   167 | D:1      | Reached XP level 2. HP: 13/18 MP: 4/4
   732 | D:2      | Reached XP level 3. HP: 23/23 MP: 5/5
   886 | D:2      | Reached XP level 4. HP: 9/28 MP: 6/6
   897 | D:2      | Reached skill level 1 in Slings
  1563 | D:4      | Reached skill level 4 in Evocations
  1636 | D:4      | Reached XP level 5. HP: 18/33 MP: 8/8
  1880 | D:4      | Noticed an ogre
  1894 | D:4      | Killed an ogre
  2020 | D:4      | Noticed Grinder
  2154 | D:3      | Reached XP level 6. HP: 38/38 MP: 9/9
  2250 | D:4      | Found a shattered altar of Ashenzari.
  2251 | D:4      | Noticed a phantom
  2942 | D:4      | Found a deep blue altar of Sif Muna.
  3061 | D:5      | Entered Level 5 of the Dungeon
  3070 | D:5      | Noticed a sky beast
  3074 | D:5      | Reached skill level 1 in Shields
  3080 | D:5      | Killed a sky beast
  3086 | D:5      | Gained mutation: You are resistant to electric shocks. [mutagenic meat]
  3087 | D:5      | Gained mutation: You are agile. (Dex +2) [mutagenic meat]
  3089 | D:5      | Gained mutation: You are frail (-10% HP). [mutagenic meat]
  3090 | D:5      | Gained mutation: Scrolls take you a little longer to read. [mutagenic meat]
  3223 | D:5      | Noticed Sigmund
  3423 | D:5      | Slain by an ogre

Vault maps used:
D:1:      sevenhm_arrival_forest_fort_small_6, serial_curves, eino_curves_02,
          eino_curves_01, serial_bayou_lagoon_b
D:2:      first_bread
D:4:      kennysheep_mini, lemuel_crystal_altar, grunt_ministairs_5,
          uniq_grinder
D:5:      lemuel_coloured_pillars_altar, uniq_sigmund

Action                   |  1- 3 |  4- 6 || total
-------------------------+-------+-------++-------
Melee: Short sword       |    10 |    14 ||    24
       Hunting sling     |       |    23 ||    23
 Fire: Hunting sling     |   104 |   127 ||   231
Evoke: Wand              |       |     7 ||     7
  Use: Potion            |       |     2 ||     2
 Stab: Sleeping          |     1 |     1 ||     2
       Paralysed         |       |     4 ||     4
  Eat: Meat ration       |       |     1 ||     1
       Chunk             |       |     7 ||     7
